 Dungeon Crawl Stone Soup version 0.20.1-1-g8b1a95d (webtiles) character file.

130 letownia2 the Grave Robber (level 4, 0/36 HPs)
             Began as a Deep Dwarf Necromancer on Dec 16, 2017.
             Slain by a goblin (2 damage)
             ... led by Robin
             ... on level 4 of the Dungeon.
             The game lasted 00:03:53 (1432 turns).

letownia2 the Grave Robber (Deep Dwarf Necromancer) Turns: 1432, Time: 00:03:54

Health: 0/36       AC:  5    Str:  6    XL:     4   Next: 90%
Magic:  3/7        EV: 10    Int: 17    God:
Gold:   25         SH:  0    Dex: 13    Spells: 3/7 levels left

rFire    . . .     SeeInvis .   a - +1 whip (venom)
rCold    . . .     Gourm    .   (no shield)
rNeg     . . .     Faith    .   o - +0 ring mail
rPois    .         Spirit   .   (no helmet)
rElec    .         Reflect  .   (no cloak)
rCorr    .         Harm     .   (no gloves)
MR       .....                  (no boots)
Stlth    +.........             (no amulet)
Regen    0.0/turn               e - -5 ring of strength (curse)
MPRegen  0.1/turn               (no ring)

@: very slightly contaminated, non-regenerating
A: damage resistance, heal wounds, sense surroundings 1, no regeneration
a: Heal Wounds


You were on level 4 of the Dungeon.
You were hungry.

You visited 1 branch of the dungeon, and saw 4 of its levels.

You collected 25 gold pieces.

Inventory:

Hand Weapons
 a - a +1 whip of venom (weapon)
Missiles
 j - 5 tomahawks (quivered)
Armour
 o - a +0 ring mail (worn)
Magical Staves
 i - a cursed staff of power {unknown}
Jewellery
 e - a cursed -5 ring of strength (left hand)
Scrolls
 l - a scroll of immolation {unknown}
 m - a scroll of identify {unknown}
Potions
 g - a potion of flight {unknown}
 h - a potion of cancellation {unknown}
 k - a potion of curing {unknown}
 n - a potion of mutation {unknown}
Books
 b - a book of Necromancy

   Spells                             Type                      Level
   a - Pain                           Necromancy                   1
   b - Animate Skeleton               Necromancy                   1
   c - Vampiric Draining              Necromancy                   3
   d - Regeneration                   Charms/Necromancy            3
   e - Animate Dead                   Necromancy                   4
   f - Control Undead                 Necromancy                   4
Comestibles
 c - a bread ration
 d - 2 chunks of flesh
 f - a royal jelly


   Skills:
 - Level 2.1 Dodging
 - Level 2.4 Stealth
 - Level 2.1 Spellcasting
 + Level 6.6 Necromancy


You had 3 spell levels left.
You knew the following spells:

 Your Spells              Type           Power        Failure   Level  Hunger
a - Pain                  Necr           ###.         4%          1    #......
v - Vampiric Draining     Necr           ###.......   16%         3    ###....


Dungeon Overview and Level Annotations

Branches:
Dungeon (4/15)
 Temple: D:4-7

Altars:
Elyvilon
Ru

Annotations:
D:4 Edmund; Robin; letownia2's ghost, amateur DDNe


Innate Abilities, Weirdness & Mutations

You are resistant to damage.
You can heal yourself by infusing magical energy.
You passively map a small area around you.
You do not regenerate.


Message History

The bullfrog skeleton is lightly damaged.
The bullfrog skeleton hits you.
* * * LOW HITPOINT WARNING * * *
Edmund hits you with a flail of protection.
* * * LOW HITPOINT WARNING * * *
The bullfrog skeleton hits you but does no damage.
You hit the bullfrog skeleton.
The bullfrog skeleton is moderately damaged.
Edmund hits you but does no damage. Robin throws the goblin at you!
The bullfrog skeleton hits you.
Unknown command.
You hit the bullfrog skeleton.
The bullfrog skeleton is heavily damaged.
The goblin closely misses you.
The bullfrog skeleton barely misses you.
Edmund says, "What use are spells, anyway?"
Edmund hits you with a flail of protection.
* * * LOW HITPOINT WARNING * * *
The goblin hits you.
You die...

#....#....# *
####g.#....#
#..........# *
#.####.....# #)#
#.....# #.####.....#
#g#..'.....#
#######@#..#.....#* *
,#....Z@g#...........
#.#######...#+#####.
#... , * *##.# , * ..
* * #. * * , ,


You could see Edmund, Robin, a goblin and a bullfrog skeleton.

Vanquished Creatures
  A howler monkey (D:4)
  An orc wizard (D:4)
  A worker ant (D:4)
  2 adders (D:2)
  2 leopard geckos
  3 orcs (D:4)
  A bat (D:3)
  A goblin (D:4)
  4 hobgoblins
  2 kobolds
  2 rats
20 creatures vanquished.

Notes
Turn   | Place    | Note
-------+----------+-------------------------------------------
     0 | D:1      | letownia2 the Deep Dwarf Necromancer began the quest for the Orb.
     0 | D:1      | Reached XP level 1. HP: 15/15 MP: 3/3
   484 | D:2      | Reached XP level 2. HP: 22/22 MP: 1/5
   783 | D:2      | Reached skill level 5 in Necromancy
   831 | D:3      | Reached XP level 3. HP: 28/28 MP: 3/6
   836 | D:3      | Learned a level 3 spell: Vampiric Draining
   919 | D:3      | Found a white marble altar of Elyvilon.
   919 | D:3      | Found a sacrificial altar of Ru.
   976 | D:4      | Reached XP level 4. HP: 30/36 MP: 0/7
  1041 | D:4      | Noticed letownia2's ghost (amateur DDNe)
  1223 | D:4      | Reached skill level 6 in Necromancy
  1406 | D:4      | Noticed Edmund
  1418 | D:4      | Noticed Robin
  1432 | D:4      | Slain by a goblin

Skill      XL: |  1  2  3  4 |
---------------+-------------+-----
Spellcasting   | 2 |  2.1
Necromancy     | 5 6 |  6.6
Dodging        | |  2.1
Stealth        | |  2.4

Action                   |  1- 3 |  4- 6 || total
-------------------------+-------+-------++-------
Melee: Whip              |     9 |    25 ||    34
 Cast: Pain              |    32 |     5 ||    37
       Vampiric Draining |       |     2 ||     2
  Eat: Chunk             |     1 |     1 ||     2
Armor: Leather armour    |       |    11 ||    11
       Ring mail         |       |     6 ||     6
Dodge: Dodged            |    16 |    26 ||    42
